 Dungeon Sprint DCSS version 0.31-a0-986-g5e6e4ef867 (webtiles) character file.

Game seed: 6545703811950781695

70646 rocky1 the Grand Master (level 15, -8/120 HPs)
             Began as an Octopode Shapeshifter on Nov 17, 2023.
             Was an Initiate of Gozag.
             Mangled by Mennas
             ... wielding a +5 sacred scourge of holy wrath
              (12 damage)
             ... in the Dungeon (Sprint IX: "|||||||||||||||||||||||||||||").
             The game lasted 00:17:40 (5345 turns).

rocky1 the Grand Master (Octopode Shapeshifter)     Turns: 5345, Time: 00:17:41

Health: -8/120     AC:  1    Str: 14    XL:     15   Next: 34%
Magic:  19/19      EV: 29    Int: 15    God:    Gozag
Gold:   5          SH:  0    Dex: 22    Spells: 14/20 levels left

rFire   + +          .
                       - Unarmed
rCold   + . .        (no shield)
rNeg    . . .        (helmet currently unavailable)
rPois   +            J - amulet of Jomuh {rElec rPois Regen+ Int+3 Stlth+}
rElec   +            n - +3 ring of dexterity
rCorr   +            m - +2 ring of evasion
SInv    +            x - ring of see invisible
Will    ++...        A - ring of willpower
Stlth   +++          K - ring of protection from fire
HPRegen 1.20/turn    (no ring)
MPRegen 0.16/turn    (no ring)
                     (no ring)

%: no teleportation
@: mighty, brilliant, beast-form, resistant, hasted, glowing, studying Poison
Magic, silenced, very quick
A: beast (slay +4), almost no armour, amphibious, 8 rings, camouflage 1,
gelatinous body 1, (nimble swimmer 1), tentacles
a: Begin Untransformation, Renounce Religion


You were in the Dungeon.
You worshipped Gozag.
Gozag was noncommittal.
You were a hulking beast.
You visited 1 branch You collected 19333 gold pieces.
You spent 10175 gold pieces at shops.
You paid 9153 gold pieces to Gozag.

Inventory:

Missiles
 t - 7 throwing nets
Armour
 a - a +1 hat
Jewellery
 m - a +2 ring of evasion (right tentacle)
 n - a +3 ring of dexterity (left tentacle)
 x - a ring of see invisible (on tentacle)
 A - a ring of willpower (on tentacle)
 J - the amulet of Jomuh (around mantle) {rElec rPois Regen+ Int+3 Stlth+}
   (You bought it in a shop in the Dungeon)

   [amulet of regeneration]

   Int+3:     It affects your intelligence (+3).
   rElec:     It insulates you from electricity.
   rPois:     It protects you from poison Regen+: It increases your rate of
   health regeneration.
   Stlth+:    It makes you more stealthy.
 K - a ring of protection from fire (on tentacle)
Talismans
 b - a beast talisman
 c - a flux talisman
 I - a storm talisman
Wands
 s - a wand of charming (5)
 D - a wand of digging (5)
 E - a wand of quicksilver (2)
Scrolls
 i - 3 scrolls of blinking
 k - 2 scrolls of amnesia
 o - 7 scrolls of enchant armour
 p - a scroll of poison
 r - a scroll of identify
 u - 4 scrolls of fog
 v - a scroll of vulnerability
 C - 5 scrolls of fear
 G - 2 scrolls of immolation
 H - a scroll of butterflies
Potions
 d - a potion of invisibility
 g - 5 potions of magic
 h - a potion of enlightenment
 j - 9 potions of curing
 B - 2 potions of mutation
 F - a potion of cancellation
Miscellaneous
 l - a lightning rod (4/4) (quivered)
 q - a phial of floods
 w - a phantom mirror


   Skills:
 + Level 17.4 Fighting
 + Level 17.5 Dodging
 - Level 8.3 Stealth
 O Level 27 Unarmed Combat
 - Level 3.0 Spellcasting
 - Level 3.2 Fire Magic
 - Level 3.2 Air Magic
 - Level 20.2 Evocations
 * Level 12.9 Shapeshifting


You had 14 spell levels left.
You knew the following spells:

 Your Spells              Type           Power      Damage    Failure   Level
a - Plasma Beam           Fire/Air       9%         2x1d19    100%        6

Your spell library contained the following spells:

 Spells                   Type           Power      Damage    Failure   Level
 Foxfire                  Conj/Fire      40%        2x1d6     11%         1
 Poisonous Vapours        Pois/Air       20%        N/A       16%         2
 Sting                    Tmut/Pois      12%        1d3       21%         1
 Lesser Beckoning         Tloc           6%         N/A       30%         2
 Sublimation of Blood     Necr           3%         N/A       30%         2
 Gell's Gravitas          Tloc           3%         N/A       52%         3
 Sigil of Binding         Hex            3%         N/A       52%         3
 Teleport Other           Tloc           3%         N/A       52%         3
 Vhi's Electric Charge    Tloc/Air       20%        N/A       71%         4
 Manifold Assault         Tloc           3%         N/A       89%         4
 Arcjolt                  Conj/Air       5%         1d15      96%         5
 Fireball                 Conj/Fire      5%         3d5       96%         5
 Silence                  Hex/Air        5%         N/A       96%         5
 Death Channel            Necr           1%         N/A       100%        6
 Polar Vortex             Ice            1%         N/A       100%        9


Dungeon Overview and Level Annotations

Branches:
Dungeon (1/1)

Altars:
Cheibriados
Dithmenos
Elyvilon
Fedhas
Gozag
Hepliaklqana
Kikubaaqudgha
Makhleb
Nemelex Xobeh
Okawaru
Qazlal
Ru
Sif Muna
Trog
Uskayaw
Vehumet
Wu Jian
Xom
Yredelemnul
Zin
The Shining One
Jiyva
Lugonu

Shops:
D **[*(??*=*

Annotations:
D Mennas


Innate Abilities, Weirdness & Mutations

You are a hulking beast.
Your limbs bulge with bestial killing power. (Slay +4)
You cannot wear most types of armour.
You are amphibious.
You can wear up to eight rings at the same time.
Your skin changes colour to match your surroundings (Stealth+).
Your rubbery body absorbs attacks. (AC +1, EV +1)
((You are camouflaged when in or above water. (Stealth+)))
You have tentacles for arms and can constrict up to eight enemies at once.


Message History

Mennas blocks your attack.
Your tentacle-slap misses Mennas.
Mennas blocks your attack.
Mennas is moderately wounded.
You constrict Mennas. Mennas blocks your attack.
You squeeze Mennas!
Mennas is moderately wounded.
You constrict Mennas, but do no damage.
Mennas hits you with a +5 sacred scourge of holy wrath!!!
Mennas hits you with a +5 sacred scourge of holy wrath!!
* * * LOW HITPOINT WARNING * * *
You bludgeon Mennas! Mennas blocks your attack.
Mennas is heavily wounded.
You constrict Mennas, but do no damage. You bludgeon Mennas!
Your squeeze misses Mennas.
Mennas is heavily wounded.
You constrict Mennas. Mennas completely misses you. Mennas closely misses you.
You feel much better.
You constrict Mennas. Mennas closely misses you.
Mennas hits you with a +5 sacred scourge of holy wrath!!
You bludgeon Mennas! Mennas blocks your attack.
Mennas is severely wounded.
You constrict Mennas, but do no damage. Mennas blocks your attack.
Mennas is severely wounded.
You constrict Mennas. Mennas misses you. Mennas closely misses you.
Mennas blocks your attack.
You tentacle-slap Mennas! Mennas blocks your attack.
Mennas is severely wounded.
You constrict Mennas. You completely miss Mennas.
Mennas is severely wounded.
You constrict Mennas.
Mennas hits you with a +5 sacred scourge of holy wrath!
* * * LOW HITPOINT WARNING * * *
Mennas hits you with a +5 sacred scourge of holy wrath!!
* * * LOW HITPOINT WARNING * * *
You feel better.
You constrict Mennas, but do no damage.
Mennas hits you with a +5 sacred scourge of holy wrath!
* * * LOW HITPOINT WARNING * * *
Mennas hits you with a +5 sacred scourge of holy wrath!
You die...
Your body crumbles into a pile of gold.

.▓.▓.▓.▓.▓.▓.▓.▓.▓
.▓.▓.▓.▓.▓.▓.▓.▓.▓
.▓.▓.▓.▓.▓.▓.▓.▓.▓
.▓.▓.▓.▓.▓.▓.▓.▓.▓
.▓.▓.▓.▓.▓.▓.▓.▓.▓
.▓.▓.▓.▓.▓.▓.▓.▓.▓
.▓'▓.▓'▓.▓.▓.▓'▓.▓
.▓.▓.▓.▓.▓.▓.▓.▓.▓
.▓.▓.▓.▓.▓.▓.▓.▓h▓
.▓.▓.▓.▓.▓'▓.▓∩▓A▓
.▓∩▓.▓.▓.▓.▓.▓.▓.▓
.▓.▓)▓.▓.▓.▓.▓.▓.▓
.▓∩▓.▓.▓.▓.▓.▓.▓.▓
.▓.▓)▓.▓.▓.▓.▓.▓.▓
.▓∩▓.▓.▓.▓.▓.▓.▓.▓
.▓[▓.▓)▓.▓.▓.▓.▓.▓
.▓∩▓.▓.▓.▓.▓.▓.▓.▓


You could see Mennas (silencing).

Vanquished Creatures
  2 sphinxes (D)
  Gastronok (D)
  3 vault wardens (D)
  A fire giant (D)
  4 frost giants (D)
  2 iron dragons (D)
  A draconian stormcaller (D)
  3 ironbound preservers (D)
  A formless jellyfish (D)
  A stone giant (D)
  3 ironbound thunderhulks (D)
  A vampire knight (D)
  An eleionoma (D)
  A very ugly thing (D)
  A spark wasp (D)
  2 dire elephants (D)
  A bunyip (D)
  A merfolk impaler (D)
  Snorg (D)
  An ettin (D)
  7 fire dragons (D)
  Josephine (D)
  An entropy weaver (D)
  2 yaktaur captains (D)
  3 hydras (D)
  Harold (D)
  A great orb of eyes (D)
  A ghost crab (D)
  Erica (D)
  A catoblepas (D)
  A radroach (D)
  An alligator (D)
  A centaur warrior (D)
  2 naga warriors (D)
  A tengu warrior (D)
  A vampire mage (D)
  A deep troll earth mage (D)
  A shock serpent (D)
  A demonic crawler (D)
  An occultist (D)
  A pharaoh ant (D)
  A goliath frog (D)
  A sun moth (D)
  A sea snake (D)
  A swamp dragon (D)
  A spriggan druid (D)
  An orb spider (D)
  2 arcanists (D)
  3 ironbound convokers (D)
  9 orc knights (D)
  2 ugly things (D)
  A harpy (D)
  An orc sorcerer (D)
  A wolf spider (D)
  A cyclops (D)
  2 manticores (D)
  A salamander (D)
  A moth of wrath (shapeshifter) (D)
  A will-o-the-wisp (D)
  6 elephants (D)
  2 guardian serpents (D)
  A naga mage (D)
  3 black mambas (D)
  2 cane toads (D)
  2 vault sentinels (D)
  2 rime drakes (D)
  A komodo dragon (D)
  A freezing wraith (D)
  A guardian mummy (D)
  2 trolls (D)
  2 wind drakes (D)
  2 merfolk (D)
  A snapping turtle (D)
  3 slime creatures (D)
  A blink frog (D)
  5 wraiths (D)
  A jumping spider (D)
  A wyvern (D)
  3 yaks (D)
  A redback (D)
  A vampire mosquito (D)
  2 water moccasins (D)
  19 orc warriors (D)
  A wolf (D)
  A centaur (D)
  A phantom (D)
  3 bullfrogs (D)
  A scorpion (D)
  A wight (D)
  3 orc priests (D)
  An iguana (D)
  3 orc wizards (D)
  A shadow imp (D)
  A white imp (D)
  A dart slug (D)
  6 orcs (D)
  A ball python (D)
  A bat (D)
  An endoplasm (D)
  A kobold (D)
187 creatures vanquished.

Vanquished Creatures (others)
  A foxfire (D)
1 creature vanquished.

Grand Total: 188 creatures vanquished

Notes
Turn   | Place    | Note
-------+----------+-------------------------------------------
     0 | D        | rocky1 the Octopode Shapeshifter began the quest for the
                  | Orb.
     0 | D        | Reached XP level 1. HP: 13/13 MP: 1/1
    10 | D        | Reached skill level 4 in Unarmed Combat
    14 | D        | Reached XP level 2. HP: 16/18 MP: 2/2
    17 | D        | Noticed a phantom
    17 | D        | Noticed a scorpion
    23 | D        | Killed a scorpion
    24 | D        | Reached skill level 6 in Unarmed Combat
    24 | D        | Reached skill level 5 in Shapeshifting
    24 | D        | Reached XP level 3. HP: 11/23 MP: 3/3
    24 | D        | Reached XP level 4. HP: 13/28 MP: 4/4
    27 | D        | HP: 1/28 [iguana (9)]
    33 | D        | Killed a phantom
    34 | D        | Reached skill level 7 in Unarmed Combat
    34 | D        | Reached XP level 5. HP: 24/34 MP: 5/5
    38 | D        | Reached skill level 8 in Unarmed Combat
   266 | D        | Found a snail-covered altar of Cheibriados.
   266 | D        | Found a shadowy altar of Dithmenos.
   266 | D        | Found a white marble altar of Elyvilon.
   266 | D        | Found a blossoming altar of Fedhas.
   266 | D        | Found an opulent altar of Gozag.
   267 | D        | Found a hazy altar of Hepliaklqana.
   268 | D        | Found a viscous altar of Jiyva.
   269 | D        | Found an ancient bone altar of Kikubaaqudgha.
   270 | D        | Found a corrupted altar of Lugonu.
   271 | D        | Found a burning altar of Makhleb.
   272 | D        | Found a sparkling altar of Nemelex Xobeh.
   273 | D        | Found an iron altar of Okawaru.
   274 | D        | Became a worshipper of Gozag Ym Sagoz the Greedy
   275 | D        | Found a stormy altar of Qazlal.
   276 | D        | Found a sacrificial altar of Ru.
   277 | D        | Found a shimmering blue altar of Sif Muna.
   278 | D        | Found a bloodstained altar of Trog.
   279 | D        | Found a hide-covered altar of Uskayaw.
   280 | D        | Found a radiant altar of Vehumet.
   281 | D        | Found an ornate altar of the Wu Jian Council.
   282 | D        | Found a shimmering altar of Xom.
   283 | D        | Found a basalt altar of Yredelemnul.
   284 | D        | Found a glowing silver altar of Zin.
   285 | D        | Found a glowing golden altar of the Shining One.
   319 | D        | Noticed an orc warrior
   319 | D        | Noticed a yak
   319 | D        | Noticed a wyvern
   319 | D        | Noticed a centaur
   326 | D        | Killed a centaur
   327 | D        | Reached skill level 9 in Unarmed Combat
   327 | D        | Reached XP level 6. HP: 6/39 MP: 6/6
   332 | D        | Killed a wyvern
   333 | D        | Reached skill level 5 in Dodging
   333 | D        | Reached skill level 10 in Unarmed Combat
   333 | D        | Reached skill level 1 in Evocations
   333 | D        | Reached XP level 7. HP: 25/45 MP: 7/7
   336 | D        | Killed a yak
   340 | D        | Reached skill level 11 in Unarmed Combat
   443 | D        | Noticed a vampire mosquito
   443 | D        | Noticed a troll
   443 | D        | Noticed a troll
   443 | D        | Noticed a manticore
   443 | D        | Noticed a tengu warrior
   443 | D        | Noticed a green ugly thing
   455 | D        | Killed a green ugly thing
   456 | D        | Reached skill level 12 in Unarmed Combat
   456 | D        | Reached skill level 10 in Shapeshifting
   456 | D        | Reached XP level 8. HP: 54/54 MP: 8/8
   468 | D        | Killed a tengu warrior
   469 | D        | Reached skill level 13 in Unarmed Combat
   469 | D        | Reached XP level 9. HP: 58/58 MP: 9/9
   473 | D        | Killed a manticore
   474 | D        | Reached skill level 14 in Unarmed Combat
   474 | D        | Reached skill level 5 in Evocations
   481 | D        | Killed a troll
   486 | D        | Killed a troll
   487 | D        | Reached skill level 15 in Unarmed Combat
   489 | D        | Reached skill level 5 in Fighting
  1005 | D        | Noticed Gastronok
  1022 | D        | Killed Gastronok
  1023 | D        | Reached skill level 16 in Unarmed Combat
  1023 | D        | Reached XP level 10. HP: 66/66 MP: 10/10
  1280 | D        | Reached skill level 17 in Unarmed Combat
  1612 | D        | Bought a potion of curing for 33 gold pieces
  1612 | D        | Bought a scroll of poison for 44 gold pieces
  1612 | D        | Bought a phial of floods for 440 gold pieces
  1613 | D        | Noticed a catoblepas
  1613 | D        | Noticed a black mamba
  1613 | D        | Noticed a cane toad
  1614 | D        | Noticed an eight-headed hydra
  1616 | D        | Noticed an eight-headed hydra
  1616 | D        | Killed a black mamba
  1617 | D        | Killed a catoblepas
  1617 | D        | Killed a cane toad
  1618 | D        | Reached skill level 10 in Dodging
  1618 | D        | Reached skill level 18 in Unarmed Combat
  1618 | D        | Reached XP level 11. HP: 73/73 MP: 11/11
  1618 | D        | Killed an eight-headed hydra
  1619 | D        | Reached skill level 5 in Stealth
  1619 | D        | Killed an eight-headed hydra
  1620 | D        | Reached skill level 19 in Unarmed Combat
  1736 | D        | Noticed a dire elephant
  1741 | D        | Killed a dire elephant
  1742 | D        | Noticed a dire elephant
  1747 | D        | Reached skill level 20 in Unarmed Combat
  1747 | D        | Reached skill level 10 in Evocations
  1748 | D        | Killed a dire elephant
  1850 | D        | Noticed Harold
  1855 | D        | Killed Harold
  1919 | D        | Noticed an orc knight
  1923 | D        | Killed an orc knight
  1924 | D        | Reached XP level 12. HP: 81/81 MP: 12/12
  1971 | D        | Bought the Opusculum on Resurrection for 280 gold pieces
  1971 | D        | Bought a book of Displacement for 308 gold pieces
  1971 | D        | Bought the Quarto of Virous Dislocation for 280 gold pieces
  1971 | D        | Bought a book of Lightning for 504 gold pieces
  1971 | D        | Bought the Handbook of Red-Hot Jinxing for 504 gold pieces
  1971 | D        | Bought a manual of Poison Magic for 1120 gold pieces
  1971 | D        | Bought The Lost Secrets of Wizardry for 280 gold pieces
  1980 | D        | Learned a level 6 spell: Plasma Beam
  1999 | D        | Reached skill level 1 in Fire Magic
  1999 | D        | Reached skill level 1 in Air Magic
  2000 | D        | Reached skill level 1 in Spellcasting
  2003 | D        | Paralysed by an orc sorcerer for 2 turns
  2146 | D        | Found Vaogyvyw's Magic Scroll Boutique.
  2151 | D        | Reached skill level 21 in Unarmed Combat
  2151 | D        | Found Woacul's Antique Weapon Shop.
  2153 | D        | Found Eziadam's General Store.
  2158 | D        | Found Ebbuad's Antique Armour Shop.
  2292 | D        | Bought a scroll of enchant armour for 97 gold pieces
  2292 | D        | Bought a scroll of fog for 52 gold pieces
  2292 | D        | Bought a scroll of fog for 52 gold pieces
  2292 | D        | Bought a scroll of vulnerability for 52 gold pieces
  2301 | D        | Bought a scroll of fog for 128 gold pieces
  2301 | D        | Bought a scroll of fog for 128 gold pieces
  2301 | D        | Bought a phantom mirror for 1280 gold pieces
  2323 | D        | Noticed Erica
  2326 | D        | Noticed Josephine
  2332 | D        | Killed Josephine
  2333 | D        | Killed Erica
  2334 | D        | Reached skill level 22 in Unarmed Combat
  2656 | D        | Noticed a centaur warrior
  2660 | D        | Noticed an ettin
  2661 | D        | Reached skill level 10 in Fighting
  2661 | D        | Killed a centaur warrior
  2662 | D        | Noticed a vampire mage
  2663 | D        | Noticed a frost giant
  2665 | D        | Noticed a fire dragon
  2666 | D        | Killed a vampire mage
  2666 | D        | Noticed an occultist
  2667 | D        | Reached XP level 13. HP: 93/93 MP: 17/17
  2668 | D        | Killed a frost giant
  2668 | D        | Killed an ettin
  2668 | D        | Noticed a brown very ugly thing
  2669 | D        | Reached skill level 23 in Unarmed Combat
  2670 | D        | Noticed a sphinx
  2673 | D        | Killed a fire dragon
  2674 | D        | Killed a brown very ugly thing
  2682 | D        | Killed a sphinx
  2683 | D        | Reached skill level 15 in Evocations
  3003 | D        | Reached skill level 24 in Unarmed Combat
  3257 | D        | Bought a wand of digging (5) for 336 gold pieces
  3257 | D        | Bought a wand of quicksilver (2) for 134 gold pieces
  3257 | D        | Bought a potion of cancellation for 128 gold pieces
  3257 | D        | Bought a potion of magic for 128 gold pieces
  3269 | D        | Noticed a merfolk impaler
  3273 | D        | Killed a merfolk impaler
  3372 | D        | Noticed an eleionoma
  3372 | D        | Noticed a bunyip
  3379 | D        | Killed a bunyip
  3381 | D        | Killed an eleionoma
  3392 | D        | Reached skill level 25 in Unarmed Combat
  3392 | D        | Reached XP level 14. HP: 71/106 MP: 18/18
  3591 | D        | Bought a scroll of immolation for 64 gold pieces
  3591 | D        | Bought a scroll of immolation for 64 gold pieces
  3853 | D        | Noticed a vampire knight
  3853 | D        | Noticed a frost giant
  3853 | D        | Noticed a frost giant
  3853 | D        | Noticed a stone giant
  3857 | D        | Killed a frost giant
  3857 | D        | Killed a stone giant
  3858 | D        | Killed a frost giant
  3859 | D        | Noticed a frost giant
  3860 | D        | Noticed an iron dragon
  3861 | D        | Noticed an iron dragon
  3864 | D        | Killed a vampire knight
  3865 | D        | Reached skill level 26 in Unarmed Combat
  3868 | D        | Killed a frost giant
  3871 | D        | Killed an iron dragon
  4074 | D        | Killed an iron dragon
  4075 | D        | Reached skill level 15 in Dodging
  4086 | D        | Reached skill level 15 in Fighting
  4123 | D        | Noticed a fire giant
  4132 | D        | Killed a fire giant
  4383 | D        | Bought a potion of enlightenment for 85 gold pieces
  4383 | D        | Bought 3 scrolls of fear for 204 gold pieces
  4383 | D        | Bought a scroll of butterflies for 68 gold pieces
  4383 | D        | Bought a potion of mutation for 136 gold pieces
  4404 | D        | Noticed a formless jellyfish
  4404 | D        | Noticed a vault warden
  4404 | D        | Noticed an ironbound preserver
  4404 | D        | Noticed an ironbound thunderhulk
  4409 | D        | Killed a formless jellyfish
  4409 | D        | Killed an ironbound thunderhulk
  4410 | D        | Reached skill level 27 in Unarmed Combat
  4410 | D        | Noticed an ironbound preserver
  4411 | D        | Killed an ironbound preserver
  4411 | D        | Killed a vault warden
  4413 | D        | Noticed an ironbound thunderhulk
  4413 | D        | Noticed an ironbound preserver
  4418 | D        | Killed an ironbound preserver
  4419 | D        | Reached XP level 15. HP: 107/117 MP: 19/19
  4427 | D        | Noticed a vault warden
  4439 | D        | Killed a vault warden
  4447 | D        | Noticed a white draconian stormcaller
  4447 | D        | Noticed a sphinx
  4634 | D        | Killed a white draconian stormcaller
  4642 | D        | Killed a sphinx
  4778 | D        | Noticed a vault warden
  4788 | D        | Killed a vault warden
  5252 | D        | Bought a storm talisman for 1600 gold pieces
  5252 | D        | Bought the amulet of Jomuh {rElec rPois Regen+ Int+3
                  | Stlth+} for 1146 gold pieces
  5252 | D        | Bought a ring of protection from fire for 500 gold pieces
  5284 | D        | Noticed Snorg
  5295 | D        | Killed Snorg
  5321 | D        | Noticed Mennas
  5345 | D        | HP: 4/120 [Mennas/+5 sacred scourge of holy wrath (13)]
  5345 | D        | Mangled by Mennas

Illustrated notes

Levels and vault maps discovered:
D:        linesprint [early_d, line_temple, items_1, d_10, items_2, lair_1,
          lair_end, items_3, orc_1, orc_end, items_4, d_15, swamp_1, shoals_1,
          snake_1, spider_1, d_20, vaults_1, items_5, swamp_end, shoals_end,
          snake_end, spider_end, vaults_end, d_27, items_6, zot_1, zot_end,
          crypt_end, forest_end, elf_end, slime_end, tomb_end, abyss_end,
          pan_hell_end]

Skill      XL: |  1  2  3  4  5  6  7  8  9 10 11 12 13 14 15 |
---------------+----------------------------------------------+-----
Unarmed Combat | 4 6 7 9 10 12 13 16 18 20 22 25 27 | 27.0
Dodging        | 3 4 5 6 8 10 11 13 16 17 | 17.5
Shapeshifting  | 5 7 8 9 10 11 12 | 12.9
Fighting       | 2 3 4 5 6 7 10 13 16 17 | 17.4
Evocations     | 1 3 4 6 8 11 13 16 19 20 | 20.2
Stealth        | 2 4 8 |  8.3
Fire Magic     | 3 |  3.2
Air Magic      | 3 |  3.2
Spellcasting   | 3 |  3.0

Action                     |  1- 3 |  4- 6 |  7- 9 | 10-12 | 13-15 || total
---------------------------+-------+-------+-------+-------+-------++-------
  Melee: Unarmed           |    13 |    18 |    55 |    14 |   121 ||   221
         Tentacles         |     6 |     8 |     6 |     2 |    37 ||    59
         Constrict         |     3 |     3 |       |       |    14 ||    20
         Punch             |       |     2 |     7 |     1 |    19 ||    29
 Invoke: Potion Petition   |       |       |     1 |       |     3 ||     4
         Call Merchant     |       |       |       |     3 |     4 ||     7
  Evoke: Wand              |       |     6 |     4 |       |       ||    10
         Lightning rod     |       |       |       |    58 |    65 ||   123
    Use: Potion            |       |     4 |     2 |       |    10 ||    16
         Scroll            |       |       |       |       |     3 ||     3
   Stab: Distracted        |       |       |       |       |     5 ||     5
 Armour: Skin              |     5 |    16 |    61 |    15 |    60 ||   157
  Dodge: Dodged            |     7 |    17 |    11 |    22 |   104 ||   161

Table legend: (Time is in decaauts)
 A = Elapsed time spent in this place.
 B = Non-inter-level travel time spent in this place.
 C = Inter-level travel time spent in this place.
 D = Time resting spent in this place.
 E = Time spent auto-exploring this place.
 F = Levels seen in this place.
 G = Mean time per level.
                   A        B        C        D        E       F      G
               +--------+--------+--------+--------+--------+-----+--------+
         Total |   5323 |   5323 |      0 |   3602 |      0 |   1 | 5323.0 |
       Dungeon |   5323 |   5323 |      0 |   3602 |      0 |   1 | 5323.0 |
               +--------+--------+--------+--------+--------+-----+--------+

Top non-repeatable levels by time:
       D: 5323 daAuts
